 Dungeon Crawl Stone Soup version 0.28.0-53-g5a82cb258f (webtiles) character file.

Game seed: 3902461807275851801

53 Plasmagod the Magician (level 4, -11/31 HPs)
             Began as a Djinni Earth Elementalist on July 19, 2022.
             Mangled by Duvessa
             ... wielding a +0 short sword
              (13 damage)
             ... on level 6 of the Dungeon.
             The game lasted 00:05:54 (2551 turns).

Plasmagod the Magician (Djinni Earth Elementalist)  Turns: 2551, Time: 00:05:54

Health: -11/31     AC:  2    Str:  7    XL:     4   Next: 10%
Gold:   58         EV: 12    Int: 19    God:
                   SH:  0    Dex: 13

rFire   + + .      SeeInvis +   (no weapon)
rCold   x . .      Faith    .   (no shield)
rNeg    . . .      Spirit   .   b - +0 robe
rPois   ∞          Reflect  .   (no helmet)
rElec   .          Harm     .   (no cloak)
rCorr   .          Rampage  .   (no gloves)
Will    .....                   (boots unavailable)
Stlth   ++........              (no amulet)
HPRegen 0.10/turn               l - ring of see invisible
MPRegen 0.00/turn               (no ring)

@: flying, very slightly contaminated
A: sickness immunity, fire resistance 2, cold vulnerability 1, float, innate
caster, HP casting, extra vitality 1
a: no special abilities


You were on level 6 of the Dungeon.
You visited 1 branch of the dungeon, and saw 4 of its levels.

You collected 58 gold pieces.

Inventory:

Missiles
 c - 7 stones
Armour
 b - a +0 robe (worn)
Jewellery
 l - a ring of see invisible (left hand)
Scrolls
 a - 3 scrolls of identify {unknown}
 d - 2 scrolls of noise {unknown}
 g - 2 scrolls of amnesia {unknown}
 h - a scroll of fog {unknown}
 i - a scroll of enchant weapon {unknown}
 j - a scroll of torment {unknown}
 m - a scroll of magic mapping {unknown}
Potions
 e - a potion of curing
 k - 3 potions of haste {unknown}


   Skills:
 * Level 0.6 Armour
 + Level 2.3 Dodging
 + Level 1.7 Stealth
 + Level 3.4 Spellcasting


You couldn't memorise any spells.
You knew the following spells:

 Your Spells              Type           Power      Damage    Failure   Level
a - Sandblast             Erth           32%        2d9       3%          1
b - Passwall              Tmut/Erth      13%        N/A       5%          2
c - Stone Arrow           Conj/Erth      32%        3d9       11%         3
d - Petrify               Tmut/Erth      16%        N/A       34%         4
e - Slow                  Hex            64%        N/A       3%          1
Your spell library was empty.

Dungeon Overview and Level Annotations

Branches:
Dungeon (3/15)

Altars:
Okawaru

Shops:
D:1 [[*?*

Annotations:
D:6 Dowan, Duvessa


Innate Abilities, Weirdness & Mutations

You are immune to sickness and miasma.
You are immune to poison.
Your flesh is very heat resistant. (rF++)
You are vulnerable to cold. (rC-)
You float through the air rather than walking.
You learn spells naturally, not from books.
Your magical power is your life essence.
You have superior vitality. (+4 MHP)


Message History

Aim: Dowan, wielding a +0 dagger, wearing a +2 robe and carrying a wand of polymorph (4) (severely wounded, 71% to hit)
You miscast Sandblast.
You are very lightly contaminated with residual magic.
Nothing appears to happen.
* * * LOW HITPOINT WARNING * * *
Dowan hits you with a +0 dagger.
* * * LOW HITPOINT WARNING * * *
Aiming: Sandblast (safe; 3% risk of failure)
Press: ? - help, Q - select action, (/) - cycle Shift-Dir - straight line, f/p - Dowan
Aim: Dowan, wielding a +0 dagger, wearing a +2 robe and carrying a wand of polymorph (4) (severely wounded, 71% to hit)
The blast of sand hits Dowan but does no damage.
Dowan is severely wounded.
* * * LOW HITPOINT WARNING * * *
Dowan zaps a wand.
You resist with some effort.
Aiming: Sandblast (safe; 3% risk of failure)
Press: ? - help, Q - select action, (/) - cycle Shift-Dir - straight line, f/p - Dowan
Aim: Dowan, wielding a +0 dagger, wearing a +2 robe and carrying a wand of polymorph (3) (severely wounded, 71% to hit)
The blast of sand misses Dowan.
* * * LOW HITPOINT WARNING * * *
Duvessa seems to regain her courage.
Dowan closely misses you.
Aiming: Sandblast (safe; 3% risk of failure)
Press: ? - help, Q - select action, (/) - cycle Shift-Dir - straight line, f/p - Dowan
Aim: Dowan, wielding a +0 dagger, wearing a +2 robe and carrying a wand of polymorph (3) (severely wounded, 71% to hit)
The blast of sand hits Dowan but does no damage.
Dowan is severely wounded.
* * * LOW HITPOINT WARNING * * *
Dowan hits you with a +0 dagger.
* * * LOW HITPOINT WARNING * * *
Duvessa barely misses you.
Aiming: Sandblast (safe; 3% risk of failure)
Press: ? - help, Q - select action, (/) - cycle Shift-Dir - straight line, f/p - Dowan
Aim: Dowan, wielding a +0 dagger, wearing a +2 robe and carrying a wand of polymorph (3) (severely wounded, 71% to hit)
The blast of sand hits Dowan!
Dowan is almost dead.
* * * LOW HITPOINT WARNING * * *
Dowan hits you but does no damage. Duvessa completely misses you.
You closely miss Duvessa.
Dowan mumbles some strange words.
Dowan blinks!
Duvessa hits you with a +0 short sword!
You die...

####+###..##...#
#...............
#............>.#
########.............#
#.....###'####..##...
#.....##....##..#
#...............#
#....).......§e.#
#.....##....##@##
#.....##....##..#
#............#..#
#............#..#
#.....##....##..#
##############..# #..#
#..# #..#


You could see Duvessa.

Vanquished Creatures
  An adder (D:3)
  A dart slug (D:2)
  An orc (D:3)
  2 bats
  6 endoplasms
  5 goblins
  6 hobgoblins
  4 kobolds (D:2)
  3 quokkas (D:2)
  2 ball pythons
  3 rats
34 creatures vanquished.

Vanquished Creatures (others)
  4 plants (D:2)
  5 toadstools (D:1)
9 creatures vanquished.

Grand Total: 43 creatures vanquished

Notes
Turn   | Place    | Note
-------+----------+-------------------------------------------
     0 | D:1      | Plasmagod the Djinni Earth Elementalist began the quest for
                  | the Orb.
     0 | D:1      | Reached XP level 1. HP: 15/15 MP: 0/0
    67 | D:1      | Found Duutokli's Assorted Antiques.
   200 | D:1      | Found Xaec's Magic Scroll Shop.
   243 | D:1      | Found Meismeg's Assorted Antiques.
   388 | D:1      | Found Vaazuqov's Armour Shop.
   395 | D:1      | Reached XP level 2. HP: 16/21 MP: 0/0
   636 | D:1      | Found Xerir's Armour Boutique.
   856 | D:2      | Reached XP level 3. HP: 15/25 MP: 0/0
   856 | D:2      | Learned a level 1 spell: Slow
   996 | D:2      | Reached skill level 3 in Spellcasting
  1837 | D:2      | Found a faded altar of an unknown god.
  2067 | D:3      | Reached XP level 4. HP: 3/31 MP: 0/0
  2354 | D:3      | Found an iron altar of Okawaru.
  2493 | D:3      | You are sucked into a shaft and drop 3 floors!
  2510 | D:6      | Noticed Duvessa
  2510 | D:6      | Noticed Dowan
  2551 | D:6      | Mangled by Duvessa

Illustrated notes

Levels and vault maps discovered:
D:1:      ldierk_walled_garden, layout_rooms, serial_shops, nicolae_shop_stone,
          nicolae_shop_waterfront, shop, shop,
          nicolae_shop_temple_entry_statues_fountains, minmay_door_square
D:2:      layout_basic, chequers_ecumenical_altar_lobes
D:3:      layout_basic, kennysheep_okawaru_gauntlet
D:6:      layout_gridville, uniq_duvessa

Skill      XL: |  1  2  3 |
---------------+----------+-----
Spellcasting   | 3 |  3.4
Armour         | |  0.6
Dodging        | |  2.3
Stealth        | |  1.7

Action                   |  1- 3 |  4- 6 || total
-------------------------+-------+-------++-------
Melee: Unarmed           |     3 |     1 ||     4
 Cast: Sandblast         |    62 |    14 ||    76
  Use: Scroll            |       |     1 ||     1
Armor: Robe              |     5 |     1 ||     6
Dodge: Dodged            |     7 |     3 ||    10
